AoeStats
← BuMm

Arena

510193686Analyzed
4v4 RM · 3d ago on Sep 29, 2026· 19m 9s· 8 players
Game mode
Random Map
Map size
Large (8 player)
Population
200
Speed
Normal
Resources
Standard
Victory
Conquest
Starting age
Dark Age
Ending age
Imperial Age
RankedLock teamsTeams togetherTeam positionsShared explorationLock speedFull tech treeHidden civsTurbo modeCheats
Victory
Defeat
🇦🇷 Italians · Argentina
1397
+12
🇦🇷 Celts · Argentina
1362
+13
🇦🇷 Huns · Argentina
1360
+14
🇦🇷 Dravidians · Argentina
1343
+14
🇺🇸 Koreans · United States
1331
-14
🇲🇽 Inca · Mexico
1306
-13
🇦🇺 Japanese · Australia
1302
-13
🇺🇸 Hindustanis · United States
1290
-13
whitewidow52
10:37 Feudal Age
14:32 Castle Age
12:21 Double-Bit Axe
12:30 Horse Collar
16:40 Wheelbarrow
16:48 Bow Saw
Morfeo
9:32 Feudal Age
10:50 Double-Bit Axe
15:18 Castle Age
13:18 Horse Collar
14:32 Town Watch
15:25 Wheelbarrow
14:54 Town Watch
15:45 Wheelbarrow
16:32 Heavy Plow
16:43 Bow Saw
Mr_Bird
10:16 Feudal Age
15:03 Castle Age
13:12 Horse Collar
13:44 Double-Bit Axe
17:19 Wheelbarrow
17:53 Town Watch
Cambo
11:04 Feudal Age
11:49 Double-Bit Axe
14:46 Castle Age
12:48 Horse Collar
tvhG - - - Chena
9:43 Feudal Age
13:26 Castle Age
11:54 Double-Bit Axe
13:47 Gold Mining
13:39 Horse Collar
14:47 Loom
19:06 Wheelbarrow
BuMm
10:28 Feudal Age
14:35 Castle Age
12:57 Double-Bit Axe
15:34 Bow Saw
18:58 Horse Collar
TVHG.llavero maldito
10:27 Feudal Age
14:10 Castle Age
12:36 Double-Bit Axe
14:35 Loom
16:15 Bow Saw
15:56 Gold Mining
16:01 Fletching
TVHG.DooM
10:30 Feudal Age
14:35 Castle Age
14:50 Double-Bit Axe
14:48 Horse Collar
Connection lost

Rejoining the realm…

Still unreachable

The connection could not be restored.

Session expired

The server has moved on; the page needs a fresh start.